 Dungeon Crawl Stone Soup version 0.20-a0-618-gbb8d3ca (webtiles) character file.

460 GordonOverkill the Skirmisher (level 6, -2/84 HPs)
             Began as a Minotaur Conjurer on Feb 9, 2017.
             Was an Initiate of Makhleb.
             Slain by an ogre
             ... wielding a +0 giant club
              (25 damage)
             ... on level 4 of the Dungeon.
             The game lasted 00:08:51 (4046 turns).

GordonOverkill the Skirmisher (Minotaur Conjurer)   Turns: 4046, Time: 00:08:52

Health: -2/84      AC: 11    Str: 19    XL:     6   Next: 78%
Magic:  7/7        EV: 10    Int: 12    God:    Makhleb [......]
Gold:   143        SH:  3    Dex: 11    Spells: 7/7 levels left

rFire    . . .     SeeInvis .   D - +1 war axe (chop)
rCold    . . .     Gourm    .   u - +2 chain mail {rN+}
rNeg     + . .     Faith    .   (no shield)
rPois    .         Spirit   .   (helmet restricted)
rElec    .         Reflect  +   (no cloak)
rCorr    .         Harm     .   (no gloves)
MR       .....                  (no boots)
Stlth    ..........             i - +3 amulet of reflection
Regen    0.3/turn               (no ring)
                                (no ring)

@: berserking, drained, very quick
A: retaliatory headbutt, horns 2, repulsion field 1
a: Renounce Religion


You were on level 4 of the Dungeon.
You worshipped Makhleb.
Makhleb was noncommittal.
You were very hungry.

You visited 1 branch of the dungeon, and saw 4 of its levels.

You collected 143 gold pieces.

Inventory:

Hand Weapons
 q - a +6 hand axe of freezing
 D - a +1 war axe of chopping (weapon)
Missiles
 e - a throwing net (quivered)
Armour
 u - a +2 chain mail of positive energy (worn)
Jewellery
 i - a +3 amulet of reflection (around neck)
Wands
 C - a wand of iceblast (13/15)
Scrolls
 s - a scroll of fog
 y - a scroll of recharging
Potions
 d - a potion of agility
 l - 2 potions of curing
 n - 2 potions of brilliance
 p - 2 potions of mutation
 B - a potion of heal wounds {unknown}
Books
 b - a book of Conjurations

   Spells                             Type                      Level
   a - Magic Dart                     Conjuration                  1
   b - Searing Ray                    Conjuration                  2
   c - Dazzling Spray                 Conjuration/Hexes            3
   d - Fulminant Prism                Conjuration/Hexes            4
   e - Force Lance                    Conjuration/Translocation    4
   f - Iskenderun's Mystic Blast      Conjuration                  4
Comestibles
 c - 4 bread rations
 A - a royal jelly


   Skills:
 + Level 5.6(5.3) Fighting
 * Level 4.1(3.8) Axes
 - Level 4.0(3.7) Armour
 - Level 2.1(1.8) Dodging
 - Level 1.5(1.2) Stealth
 - Level 1.3(1.1) Spellcasting
   Level 2.9(2.6) Conjurations


You had 7 spell levels left.
You didn't know any spells.

Dungeon Overview and Level Annotations

Branches:
Dungeon (4/15)
 Temple: D:4-7

Altars:
Makhleb
Sif Muna

Annotations:
D:3 Blork the orc
D:4 Eustachio


Innate Abilities, Weirdness & Mutations

You reflexively headbutt those who attack you in melee.
You have a pair of horns on your head.
You are surrounded by a mild repulsion field. (EV +2)


Message History

* * * LOW HITPOINT WARNING * * *
The bat barely misses you. You furiously retaliate!
You headbutt the bat, but do no damage.
An ogre comes into view. It is wielding a giant club.
Okay, then.
It was a potion of beneficial mutation.
You begin to radiate repulsive energy.
You feel fantastic!
The ogre shouts!
The bat closely misses you.
It was a potion of berserk rage.
A red film seems to cover your vision as you go berserk!
You feel yourself moving faster!
You feel mighty! The bat closely misses you.
Your chain mail prevents you from hitting the ogre.
Your headbutt misses the ogre. You miss the bat.
The bat hits you but does no damage. You block the ogre's attack.
The bat hits you but does no damage.
You barely miss the ogre. You barely miss the bat. The bat closely misses you.
The ogre hits you with a giant club!!
You die...

####.##§####### *,*
* .....§§§§§....#
***********,* *
.....§#§#####.#
*,,,,,,,,,,,* *
.###..§§§...,,*
*,*********** * ,*
#.#.#####,,* *,* *
.###.#.#####..****,*
*
..............,,,,,*
*
.#####.#####..#####*
* ** #.........O@b#
* * #..##...####W# *
* ####..##,,.# #.# *
###.....##,.#* #.# *
.........#..###
#.###############
.#............#
#.....W..........
.#..#....#..#.#
##########.......
.#..#.#.##..#,*
*#.#####
....#.#.##..#,## *.#


You could see a phantom, an ogre and a bat.

Vanquished Creatures
  Edmund (D:4)
  An ogre (D:4)
  A hound (D:4)
  Terence (D:3)
  Robin (D:3)
  9 adders
  3 gnolls (D:3)
  An ooze (D:1)
  A dart slug (D:1)
  4 leopard geckos
  3 giant cockroaches
  18 goblins
  8 hobgoblins
  2 jackals (D:1)
  2 quokkas
  2 ball pythons
  9 bats
  5 kobolds
  A quokka skeleton (D:4)
  8 rats
81 creatures vanquished.

Notes
Turn   | Place    | Note
-------+----------+-------------------------------------------
     0 | D:1      | GordonOverkill the Minotaur Conjurer began the quest for the Orb.
     0 | D:1      | Reached XP level 1. HP: 14/14 MP: 1/1
    19 | D:1      | Reached skill level 1 in Fighting
   374 | D:1      | Reached skill level 2 in Fighting
   428 | D:1      | Reached XP level 2. HP: 18/24 MP: 3/3
   735 | D:1      | Reached skill level 1 in Armour
  1057 | D:1      | Reached XP level 3. HP: 30/30 MP: 4/4
  1339 | D:2      | Reached skill level 3 in Fighting
  1694 | D:2      | Reached XP level 4. HP: 27/38 MP: 5/5
  2286 | D:2      | Reached skill level 4 in Fighting
  2523 | D:3      | Noticed Robin
  2547 | D:3      | Reached XP level 5. HP: 33/46 MP: 6/6
  2563 | D:3      | Killed Robin
  2791 | D:3      | Found a burning altar of Makhleb.
  3030 | D:3      | Became a worshipper of Makhleb the Destroyer
  3299 | D:3      | Noticed Terence
  3304 | D:3      | Killed Terence
  3304 | D:3      | Reached skill level 1 in Axes
  3485 | D:3      | Noticed Blork the orc
  3496 | D:3      | Found a deep blue altar of Sif Muna.
  3698 | D:4      | Noticed Edmund
  3701 | D:4      | Noticed an ogre
  3709 | D:4      | Killed Edmund
  3709 | D:4      | Reached skill level 5 in Fighting
  3709 | D:4      | Reached XP level 6. HP: 36/56 MP: 7/7
  4018 | D:4      | Noticed Eustachio
  4043 | D:4      | Gained mutation: You are surrounded by a mild repulsion field. (EV +2) [potion of beneficial mutation]
  4046 | D:4      | Slain by an ogre

Vault maps used:
D:1:      minmay_arrival_stone_box
D:2:      kennysheep_potato
D:3:      tgw_sif, lemuel_round_altar, minmay_stone_trees_small, uniq_terence,
          uniq_robin
D:4:      grunt_temple_overflow_order_and_chaos_1, serial_shops, shop,
          first_bread, uniq_eustachio, uniq_duvessa, uniq_edmund

Skill      XL: |  1  2  3  4  5  6 |
---------------+-------------------+-----
Fighting       | 2 3 4 5 |  5.6
Armour         | 1 2 3 4 |  4.0
Axes           | 3 4 |  4.1
Dodging        | |  2.1
Stealth        | |  1.5
Spellcasting   | |  1.3
Conjurations   | |  2.9

Action                   |  1- 3 |  4- 6 || total
-------------------------+-------+-------++-------
Melee: Dagger            |   110 |       ||   110
       Headbutt          |    11 |    16 ||    27
       Short sword       |    19 |    92 ||   111
       War axe           |       |    40 ||    40
 Cast: Magic Dart        |     3 |       ||     3
  Use: Potion            |       |     5 ||     5
       Scroll            |       |    18 ||    18
 Stab: Sleeping          |     1 |       ||     1
  Eat: Chunk             |     3 |     6 ||     9
Armor: Robe              |     6 |       ||     6
       Scale mail        |    63 |    46 ||   109
       Chain mail        |       |    19 ||    19
Dodge: Dodged            |    56 |    60 ||   116
Block: Other             |       |     3 ||     3
